 Dungeon Crawl Stone Soup version 0.30-a0-374-g95c0257040 (webtiles) character file.

Game seed: 9470273910907380115

74 qeuew the Shield-Bearer (level 4, -12/35 (37) HPs)
             Began as a Formicid Fighter on Nov 26, 2022.
             Killed by divine providence
             ... invoked by an orc priest
              (16 damage)
             ... on level 3 of the Dungeon.
             The game lasted 00:05:12 (1923 turns).

qeuew the Shield-Bearer (Formicid Fighter)          Turns: 1923, Time: 00:05:12

HP:   -12/35 (37)   AC:  7    Str: 18    XL:     4   Next: 52%
MP:   4/4           EV:  9    Int:  8    God:
Gold: 101           SH:  5    Dex: 15    Spells: 3/3 levels left

rFire   . . .      SeeInvis +    a - +1 war axe (spect)
rCold   . . .      Faith    .    c - +0 buckler
rNeg    . . .      Spirit   .    b - +0 scale mail
rPois   .          Reflect  .    (helmet unavailable)
rElec   .          Harm     .    (no cloak)
rCorr   .          Rampage  .    (no gloves)
Will    .....                    (no boots)
Stlth   ..........               (no amulet)
HPRegen 0.25/turn                e - ring of flight
MPRegen 0.09/turn                (no ring)

@: flying, drained
A: permanent stasis, dig shafts and tunnels, antennae 3, four strong arms, sense
surroundings 1, weak 1, noise suppression
a: Dig, Shaft Self


You were on level 3 of the Dungeon.
You visited 1 branch of the dungeon, and saw 3 of its levels.

You collected 101 gold pieces.

Inventory:

Hand Weapons
 a - a +1 spectral war axe (weapon)
Armour
 b - a +0 scale mail (worn)
 c - a +0 buckler (worn)
Jewellery
 e - a ring of flight (left hand)
 j - a +4 ring of evasion
Scrolls
 i - a scroll of fear
 l - a scroll of blinking {unknown}
Potions
 d - a potion of might
 f - 2 potions of heal wounds
 g - 2 potions of curing
 h - 2 potions of mutation
 k - a potion of magic {unknown}
 m - a potion of ambrosia


   Skills:
 * Level 4.0 Fighting
 + Level 2.3 Axes
 * Level 4.1 Armour
 + Level 0.9 Dodging
 + Level 4.5 Shields


You had 3 spell levels left.
You didn't know any spells.
Your spell library contained the following spells:

 Spells                   Type           Power      Damage    Failure   Level
 Cigotuvi's Dreadful Rot  Necr/Pois/Air  0%         N/A       94%         2
 Summon Guardian Golem    Hex/Summ       0%         N/A       99%         3
 Dispel Undead            Necr           0%         3d6       100%        4
 Death Channel            Necr           0%         N/A       100%        6
 Orb of Destruction       Conj           0%         9d5       100%        7
 Spellforged Servitor     Conj/Summ      0%         N/A       100%        7


Dungeon Overview and Level Annotations

Branches:
Dungeon (3/15)

Altars:
Uskayaw


Innate Abilities, Weirdness & Mutations

You cannot be hasted, slowed, berserked, paralysed or teleported.
You can dig through walls and to a lower floor.
You have a pair of large antennae on your head. (SInv)
Your four strong arms can wield two-handed weapons with a shield.
You passively map a small area around you.
You are weak. (Str -2)
You passively dampen the noise of your surroundings.


Message History

You are too injured to fight recklessly!
You are too injured to fight recklessly!
You are too injured to fight recklessly!
You are too injured to fight recklessly!
You are too injured to fight recklessly!
You are too injured to fight recklessly!
You are too injured to fight recklessly!
You are too injured to fight recklessly!
You are too injured to fight recklessly!
You are too injured to fight recklessly!
You are too injured to fight recklessly!
You are too injured to fight recklessly!
You barely miss the orc. The orc completely misses you.
You closely miss the orc. The orc hits you with a +0 hand axe.
You hit the orc.
The orc is lightly wounded.
The orc barely misses you. x2
You barely miss the orc.
The orc priest miscasts a cantrip.
The orc priest invokes the aid of Beogh against you.
Beogh smites you!
* * * LOW HITPOINT WARNING * * *
The orc barely misses you.
You slash the orc!
You kill the orc!
The orc priest casts a cantrip, but nothing happens.
The orc priest begins to cast a cantrip, but forgets the words!
You barely miss the orc priest.
The orc priest looks satisfied for a moment.
You closely miss the orc priest.
The orc priest hits you but does no damage.
You slash the orc priest!
The orc priest is almost dead.
The orc priest barely misses you. The orc priest hits you with a +0 club.
* * * LOW HITPOINT WARNING * * *
You slash the orc priest!
You kill the orc priest!
The orc priest mumbles some strange prayers to Beogh against you.
Beogh smites you!
You die...

#...# *{* #. #.###
#.# # #># #.# ,
#.# #.# ##.######
#.# ........# #.#
...####.# #o#
....# #.# #)# *
###.###.###### #@#
.............# #.#
*
###.###.####.###.#
* # #.# #.#
#......# ###.###.#
#..##### ........#
#..# #.....###
#..#
......#####..#
#.............


You could see an orc priest.

Vanquished Creatures
  An orc priest (D:3)
  2 adders (D:2)
  A worm (D:2)
  A dart slug (D:1)
  3 orcs (D:3)
  11 endoplasms
  2 giant cockroaches
  3 goblins
  4 hobgoblins (D:1)
  3 jackals (D:1)
  3 kobolds (D:2)
  2 quokkas (D:1)
  A ball python (D:1)
  A bat (D:2)
  3 frilled lizards
  2 rats (D:1)
43 creatures vanquished.

Notes
Turn   | Place    | Note
-------+----------+-------------------------------------------
     0 | D:1      | qeuew the Formicid Fighter began the quest for the Orb.
     0 | D:1      | Reached XP level 1. HP: 18/18 MP: 1/1
    39 | D:1      | Found a faded altar of an unknown god.
   139 | D:1      | Reached XP level 2. HP: 24/24 MP: 2/2
   452 | D:1      | Reached XP level 3. HP: 22/22 MP: 3/3
   922 | D:1      | Gained mutation: You are weak. (Str -2) [potion of
                  | mutation]
   922 | D:1      | Gained mutation: You passively map a small area around you.
                  | [potion of mutation]
   922 | D:1      | Gained mutation: You passively dampen the noise of your
                  | surroundings. [potion of mutation]
  1090 | D:2      | Reached XP level 4. HP: 21/33 MP: 4/4
  1512 | D:2      | Found a hide-covered altar of Uskayaw.
  1923 | D:3      | Killed from afar by an orc priest

Illustrated notes

Levels and vault maps discovered:
D:1:      psy_arrival_radial02, layout_loops_ring, basic_ecumenical_altar,
          minmay_misc_feat_secret_circle, reono_crystal_passage
D:2:      layout_rooms, basic_altar
D:3:      layout_loops_ring, minmay_misc_feat_five

Skill      XL: |  1  2  3  4 |
---------------+-------------+-----
Armour         | 4 |  4.1
Fighting       | 4 |  4.0
Axes           | |  2.3
Dodging        | |  0.9
Shields        | |  4.5

Action                   |  1- 3 |  4- 6 || total
-------------------------+-------+-------++-------
Melee: War axe           |    79 |    46 ||   125
 Abil: Dig               |     1 |       ||     1
  Use: Scroll            |     4 |     3 ||     7
       Potion            |     2 |     2 ||     4
Armor: Scale mail        |    37 |    10 ||    47
Dodge: Dodged            |    26 |    20 ||    46
Block: Buckler           |    23 |     7 ||    30

Table legend: (Time is in decaauts)
 A = Elapsed time spent in this place.
 B = Non-inter-level travel time spent in this place.
 C = Inter-level travel time spent in this place.
 D = Time resting spent in this place.
 E = Time spent auto-exploring this place.
 F = Levels seen in this place.
 G = Mean time per level.
                   A        B        C        D        E       F      G
               +--------+--------+--------+--------+--------+-----+--------+
         Total |   1973 |   1947 |     26 |      0 |   1561 |   3 |  657.7 |
       Dungeon |   1973 |   1947 |     26 |      0 |   1561 |   3 |  657.7 |
               +--------+--------+--------+--------+--------+-----+--------+

Top non-repeatable levels by time:
     D:1: 971 daAuts
     D:2: 712 daAuts
     D:3: 290 daAuts
